 Dungeon Crawl Stone Soup version 0.32-a0-290-g598725c5f2 (webtiles) character file.

Game seed: 311298703193381722

39 retardedninja the Shield-Bearer (level 3, -1/32 (33) HPs)
             Began as a Mountain Dwarf Fighter on Feb 13, 2024.
             Slain by Crazy Yiuf
             ... wielding a +2 quarterstaff of chaos
              (18 damage)
             ... on level 3 of the Dungeon.
             The game lasted 00:01:03 (1007 turns).

retardedninja the Shield-Bearer (MDFi)              Turns: 1007, Time: 00:01:04

HP:   -1/32 (33)    AC:  7    Str: 20    XL:     3   Next: 26%
MP:   3/3           EV:  9    Int:  8    God:
Gold: 88            SH:  4    Dex:  9    Spells: 2/2 levels left

rFire   . . .        a - +0 war axe
rCold   . . .        c - +0 buckler
rNeg    . . .        b - +0 scale mail
rPois   .            (no helmet)
rElec   .            (no cloak)
rCorr   .            (no gloves)
SInv    .            (no boots)
Will    .....        (no amulet) Stlth
                     (no ring)
HPRegen 0.25/turn    (no ring)
MPRegen 0.08/turn

%: no passive effects
@: mighty, fragile (+50% incoming damage), slowed, lightly drained, very slow
A: runic magic, artefact enchanting
a: no special abilities


You were on level 3 of the Dungeon.
You visited 1 branch of the dungeon, and saw 3 of its levels.

You collected 88 gold pieces.

Inventory:

Hand Weapons
 a - a +0 war axe (weapon)
Armour
 b - a +0 scale mail (worn)
 c - a +0 buckler (worn)
Scrolls
 e - a scroll of torment {unknown}
 g - 4 scrolls of identify {unknown}
 h - a scroll of teleportation {unknown}
Potions
 d - a potion of might


   Skills:
 + Level 3.7 Fighting
 + Level 3.1 Axes
 + Level 3.7 Armour
 + Level 3.7 Shields


You had 2 spell levels left.
You didn't know any spells.
Your spell library contained the following spells:

 Spells                   Type           Power      Damage    Failure   Level
 Lesser Beckoning         Tloc           0%         N/A       71%         2
 Iskenderun's Mystic Bla  Conj/Tloc      0%         2d3       100%        4


Dungeon Overview and Level Annotations

Branches:
Dungeon (3/15)

Altars:

Annotations:
D:3 1 runed translucent door, Crazy Yiuf


Innate Abilities, Weirdness & Mutations

Your spellcasting is much less encumbered by armour.
You can use scrolls of enchantment on lesser artefacts.


Message History

You see here a quokka corpse.
Done exploring.
Done exploring.
Done exploring.
No target in view!
No target in view!
No target in view!
No target in view!
Done exploring.
Done exploring.
You see here a giant cockroach corpse.
There is an escape hatch in the floor here.
You slide downwards.
The hatch slams shut behind you.
Found a runed translucent door.
You see here a +0 hammer.
Crazy Yiuf is nearby!
You hit Crazy Yiuf.
Crazy Yiuf is moderately wounded.
Crazy Yiuf hits you with a +2 quarterstaff of chaos.
Your body becomes as fragile as glass!
You hit Crazy Yiuf but do no damage.
Crazy Yiuf is moderately wounded.
Crazy Yiuf says, "Paint light arga!"
Crazy Yiuf closely misses you.
You barely miss Crazy Yiuf.
Crazy Yiuf is moderately wounded.
Crazy Yiuf laughs, "Walk return to song light!"
Crazy Yiuf hits you with a +2 quarterstaff of chaos!
You feel drained. Crazy Yiuf barely misses you.
Unknown command.
You feel very mighty all of a sudden.
Crazy Yiuf hits you with a +2 quarterstaff of chaos.
You feel yourself slow down.
It was a potion of curing.
You feel better. You block Crazy Yiuf's attack.
You closely miss Crazy Yiuf.
Crazy Yiuf is moderately wounded.
Crazy Yiuf says, "Seed!
Citrus seventy sow."
Crazy Yiuf hits you with a +2 quarterstaff of chaos!
Ouch! That really hurt!
You die...

##### .
#...#♣..♣
#g..+.♣
#@..#
#####


You could see Crazy Yiuf.

Vanquished Creatures
  A dart slug (D:2)
  3 endoplasms
  2 giant cockroaches (D:2)
  A goblin (D:1)
  4 hobgoblins
  A kobold (D:2)
  A quokka (D:2)
  3 bats (D:1)
  3 frilled lizards
  A rat (D:1)
20 creatures vanquished.

Notes
Turn   | Place    | Note
-------+----------+-------------------------------------------
     0 | D:1      | retardedninja the Mountain Dwarf Fighter began the quest
                  | for the Orb.
     0 | D:1      | Reached XP level 1. HP: 19/19 MP: 1/1
   137 | D:1      | Got Caloille's Encyclopedia of the Jaunt
   299 | D:1      | Reached XP level 2. HP: 26/26 MP: 2/2
   590 | D:1      | Found a faded altar of an unknown god.
   830 | D:2      | Reached XP level 3. HP: 31/31 MP: 3/3
  1001 | D:3      | Noticed Crazy Yiuf
  1001 | D:3      | Found a runed translucent door.
  1007 | D:3      | Slain by Crazy Yiuf

Illustrated notes

Levels and vault maps discovered:
D:1:      minmay_arrival_loop, layout_loops_ring,
          shapermc_ecumenical_altar_mp_vishouse, palyth_stone_intersect,
          minmay_door_square
D:2:      layout_basic, minmay_tromino_v4_c
D:3:      minmay_chambers_of_threes, layout_loops_cross,
          overflow_temple_1_default, serial_shops, nicolae_shop_crystal,
          nicolae_shop_trees, minmay_randomly_rotated_circles,
          uniq_crazy_yiuf_cottage

Skill      XL: |  1  2 |
---------------+-------+-----
Axes           | 3 |  3.1
Fighting       | |  3.7
Armour         | |  3.7
Shields        | |  3.7

Action                     || total
---------------------------++-------
  Melee: War axe           ||    53
    Use: Potion            ||     2
 Armour: Scale mail        ||    37
  Dodge: Dodged            ||    21
  Block: Buckler           ||     8

Table legend: (Time is in decaauts)
 A = Elapsed time spent in this place.
 B = Non-inter-level travel time spent in this place.
 C = Inter-level travel time spent in this place.
 D = Time resting spent in this place.
 E = Time spent auto-exploring this place.
 F = Levels seen in this place.
 G = Mean time per level.
                   A        B        C        D        E       F      G
               +--------+--------+--------+--------+--------+-----+--------+
         Total |   1027 |    945 |     82 |      0 |    800 |   3 |  342.3 |
       Dungeon |   1027 |    945 |     82 |      0 |    800 |   3 |  342.3 |
               +--------+--------+--------+--------+--------+-----+--------+

Top non-repeatable levels by time:
     D:1: 745 daAuts
     D:2: 274 daAuts
     D:3: 7 daAuts
